 Dungeon Crawl Stone Soup version 0.27.1-35-g4d5d836560 (webtiles) character file.

Game seed: 9608080536567010702

242 gzilladon the Shield-Bearer (level 6, -3/53 HPs)
             Began as a Gnoll Fighter on Oct 11, 2022.
             Slain by an orc priest (4 damage)
             ... on level 3 of the Dungeon.
             The game lasted 00:07:28 (2346 turns).

gzilladon the Shield-Bearer (Gnoll Fighter)         Turns: 2346, Time: 00:07:28

Health: -3/53      AC: 10    Str: 18    XL:     6   Next: 9%
Magic:  8/8        EV:  9    Int:  7    God:
Gold:   91         SH: 11    Dex: 17    Spells: 8/8 levels left

rFire    . . .     SeeInvis .   a - +0 war axe
rCold    . . .     Faith    .   c - +0 kite shield
rNeg     . . .     Spirit   .   b - +0 scale mail
rPois    .         Reflect  .   (no helmet)
rElec    .         Harm     .   m - +0 cloak
rCorr    .         Rampage  .   (no gloves)
Will     .....                  l - +0 pair of boots
Stlth    +.........             (no amulet)
HPRegen  0.17/turn              n - +6 ring of dexterity
MPRegen  0.11/turn              (no ring)

@: no status effects
A: fangs 1, strong nose, distributed training
a: no special abilities


You were on level 3 of the Dungeon.
You visited 1 branch of the dungeon, and saw 3 of its levels.

You collected 91 gold pieces.

Inventory:

Hand Weapons
 a - a +0 war axe (weapon)
 q - a +0 flail of holy wrath
Missiles
 e - 104 stones (quivered)
Armour
 b - a +0 scale mail (worn)
 c - a +0 kite shield (worn)
 l - a +0 pair of boots (worn)
 m - a +0 cloak (worn)
Magical Staves
 g - a staff of fire
Jewellery
 d - an amulet of guardian spirit
 n - a +6 ring of dexterity (left hand)
Wands
 o - a wand of mindburst (18)
Scrolls
 h - a scroll of amnesia {unknown}
 i - 3 scrolls of identify {unknown}
 p - a scroll of fog {unknown}
Potions
 f - a potion of flight {unknown}
 j - 2 potions of curing {unknown}
 k - a potion of mutation {unknown}


   Skills:
 + Level 6.8 Fighting
 + Level 1.8 Short Blades
 + Level 1.8 Long Blades
 + Level 4.9 Axes
 + Level 1.8 Maces & Flails
 + Level 1.8 Polearms
 + Level 1.8 Staves
 + Level 1.8 Slings
 + Level 1.8 Bows
 + Level 1.8 Crossbows
 + Level 1.8 Throwing
 + Level 6.8 Armour
 + Level 1.8 Dodging
 + Level 1.8 Stealth
 + Level 6.8 Shields
 + Level 1.8 Unarmed Combat
 + Level 1.8 Spellcasting
 + Level 1.4 Conjurations
 + Level 1.4 Hexes
 + Level 1.4 Summonings
 + Level 1.4 Necromancy
 + Level 1.4 Translocations
 + Level 1.4 Transmutations
 + Level 1.4 Fire Magic
 + Level 1.4 Ice Magic
 + Level 1.4 Air Magic
 + Level 1.4 Earth Magic
 + Level 1.4 Poison Magic
 + Level 2.0 Invocations
 + Level 1.8 Evocations


You had 8 spell levels left.
You didn't know any spells.
Your spell library was empty.

Dungeon Overview and Level Annotations

Branches:
Dungeon (3/15)

Altars:
Makhleb

Shops:
D:1 ?[(


Innate Abilities, Weirdness & Mutations

You have very sharp teeth.
Your uncanny sense of smell can sniff out nearby items.
Your experience applies equally to all skills.


Message History

The orc shouts!
You slash the orc!
You kill the orc!
You barely miss the orc. You hit the orc but do no damage.
You block the orc's attack. The orc barely misses you.
The orc hits you but does no damage.
The orc priest invokes the aid of Beogh against you.
Beogh smites you! The orc hits you with a +0 hand axe.
Your shield and scale mail prevent you from hitting the orc.
You slash the orc!
You kill the orc!
You hit the orc. You closely miss the orc priest.
The orc hits you but does no damage. You block the orc's attack.
The orc priest hits you with a +0 hand axe.
You block the orc's attack.
You hit the orc but do no damage. You hit the orc.
You kill the orc!
You hit the orc priest but do no damage.
The orc throws a boomerang.
The boomerang barely misses you.
The orc priest invokes the aid of Beogh against you.
Beogh smites you! The orc completely misses you.
You hit the orc.
The orc is moderately wounded.
You closely miss the orc priest. You hit the orc but do no damage.
You barely miss the orc priest.
The orc priest looks encouraged for a moment.
The orc priest barely misses you. You block the orc's attack. x2
The orc priest completely misses you.
The orc priest hits you but does no damage.
You closely miss the orc.
The orc is moderately wounded.
You slash the orc priest! You slash the orc!
You kill the orc!
You hit the orc priest. The orc misses you.
The orc priest invokes the aid of Beogh against you.
Beogh smites you!
* * * LOW HITPOINT WARNING * * *
The orc priest hits you with a +0 hand axe.
You die...

.# .... .# ∆
#..# #.# .#
.... ..####.
.# #..# #.#...
.# #..# #.#.##
# .#
#>.###....##.#
.#
#..##........#
.#
#..#.)....#..#
.#
#....)@)......
.#
#.##†ooo.#..##
## #.###....#
### #.#
##...... #.##
#.######.....
.^.# ##.....#
##.... #.##
#..#.#.# ..##
#.# #......#
.# #.#
#.#...## #.


You could see 2 orc priests and an orc.

Vanquished Creatures
  An orc wizard (D:3)
  9 gnolls
  4 adders
  2 worms
  2 dart slugs
  5 orcs (D:3)
  4 endoplasms
  6 giant cockroaches
  8 goblins
  11 hobgoblins
  2 jackals (D:2)
  A quokka (D:3)
  8 ball pythons
  6 bats
  2 frilled lizards (D:2)
  4 kobolds
  9 rats
84 creatures vanquished.

Notes
Turn   | Place    | Note
-------+----------+-------------------------------------------
     0 | D:1      | gzilladon the Gnoll Fighter began the quest for the Orb.
     0 | D:1      | Reached XP level 1. HP: 23/23 MP: 1/1
   161 | D:1      | Reached XP level 2. HP: 28/29 MP: 2/2
   431 | D:1      | Found Jorr's Antique Weapon Boutique.
   472 | D:1      | Found Naula's Armour Emporium.
   484 | D:1      | Reached XP level 3. HP: 35/35 MP: 3/3
   635 | D:1      | Found Suza's Magic Scroll Emporium.
   685 | D:1      | Reached skill level 1 in Invocations
  1055 | D:2      | Reached skill level 1 in Short Blades
  1055 | D:2      | Reached skill level 1 in Long Blades
  1055 | D:2      | Reached skill level 1 in Maces & Flails
  1055 | D:2      | Reached skill level 1 in Polearms
  1055 | D:2      | Reached skill level 1 in Staves
  1055 | D:2      | Reached skill level 1 in Slings
  1055 | D:2      | Reached skill level 1 in Bows
  1055 | D:2      | Reached skill level 1 in Crossbows
  1055 | D:2      | Reached skill level 1 in Throwing
  1055 | D:2      | Reached skill level 1 in Dodging
  1055 | D:2      | Reached skill level 1 in Stealth
  1055 | D:2      | Reached skill level 1 in Unarmed Combat
  1055 | D:2      | Reached skill level 1 in Spellcasting
  1055 | D:2      | Reached skill level 1 in Evocations
  1130 | D:2      | Reached XP level 4. HP: 41/41 MP: 5/5
  1149 | D:2      | Found a burning altar of Makhleb.
  1153 | D:2      | Reached skill level 1 in Conjurations
  1153 | D:2      | Reached skill level 1 in Hexes
  1153 | D:2      | Reached skill level 1 in Summonings
  1153 | D:2      | Reached skill level 1 in Necromancy
  1153 | D:2      | Reached skill level 1 in Translocations
  1153 | D:2      | Reached skill level 1 in Transmutations
  1153 | D:2      | Reached skill level 1 in Fire Magic
  1153 | D:2      | Reached skill level 1 in Ice Magic
  1153 | D:2      | Reached skill level 1 in Air Magic
  1153 | D:2      | Reached skill level 1 in Earth Magic
  1153 | D:2      | Reached skill level 1 in Poison Magic
  1243 | D:2      | Reached XP level 5. HP: 46/47 MP: 6/6
  1314 | D:2      | Found a faded altar of an unknown god.
  2340 | D:3      | Reached XP level 6. HP: 41/53 MP: 8/8
  2346 | D:3      | HP: 1/53 [orc priest/divine providence (16)]
  2346 | D:3      | Slain by an orc priest

Illustrated notes

Levels and vault maps discovered:
D:1:      dpeg_arrival_stone_temple_mockup, layout_basic, serial_shops,
          nicolae_square_shop, shop, shop
D:2:      layout_rooms, chequers_ecumenical_altar_simple, basic_altar,
          serial_park_tiny_pond
D:3:      layout_loops_ring, lemuel_round_altar, minmay_misc_feat_five,
          grunt_ministairs_5, minmay_unequal

Skill      XL: |  1  2  3  4  5 |
---------------+----------------+-----
Invocations    | 1 2 |  2.0
Short Blades   | 1 |  1.8
Long Blades    | 1 |  1.8
Maces & Flails | 1 |  1.8
Polearms       | 1 |  1.8
Staves         | 1 |  1.8
Slings         | 1 |  1.8
Bows           | 1 |  1.8
Crossbows      | 1 |  1.8
Throwing       | 1 |  1.8
Dodging        | 1 |  1.8
Stealth        | 1 |  1.8
Unarmed Combat | 1 |  1.8
Spellcasting   | 1 |  1.8
Evocations     | 1 |  1.8
Conjurations   | 1 |  1.4
Hexes          | 1 |  1.4
Summonings     | 1 |  1.4
Necromancy     | 1 |  1.4
Translocations | 1 |  1.4
Transmutations | 1 |  1.4
Fire Magic     | 1 |  1.4
Ice Magic      | 1 |  1.4
Air Magic      | 1 |  1.4
Earth Magic    | 1 |  1.4
Poison Magic   | 1 |  1.4
Fighting       | |  6.8
Axes           | |  4.9
Armour         | |  6.8
Shields        | |  6.8

Action                   |  1- 3 |  4- 6 || total
-------------------------+-------+-------++-------
Melee: War axe           |    84 |   100 ||   184
       Bite              |     8 |     8 ||    16
  Use: Potion            |       |     1 ||     1
Armor: Scale mail        |    41 |    50 ||    91
Dodge: Dodged            |    20 |    55 ||    75
Block: Kite shield       |    51 |    72 ||   123
